 Dungeon Crawl Stone Soup version 0.28-a0-1087-gf3fc490d9d (webtiles) character file.

Game seed: 17349307851543131616

42 Zonian the Grave Robber (level 3, 0/24 HPs)
             Began as a Demonspawn Necromancer on Dec 11, 2021.
             Was an Initiate of Gozag.
             Slain by an endoplasm (3 damage)
             ... on level 2 of the Dungeon.
             The game lasted 00:01:35 (1656 turns).

Zonian the Grave Robber (Demonspawn Necromancer)    Turns: 1656, Time: 00:01:36

Health: 0/24       AC:  2    Str:  8    XL:     3   Next: 33%
Magic:  3/6        EV: 12    Int: 18    God:    Gozag
Gold:   125        SH:  0    Dex: 13    Spells: 5/6 levels left

rFire   . . .      SeeInvis .   e - +0 club
rCold   . . .      Faith    .   (no shield)
rNeg    . . .      Spirit   .   a - +0 robe
rPois   .          Reflect  .   (no helmet)
rElec   .          Harm     .   (no cloak)
rCorr   .          Rampage  .   (no gloves)
Will    .....                   (no boots)
Stlth   ++........              (no amulet)
HPRegen 0.08/turn               (no ring)
MPRegen 0.10/turn               (no ring)

@: gold aura
A: foul stench 1, powered by pain 1
a: Renounce Religion, Potion Petition, Call Merchant, Bribe Branch


You were on level 2 of the Dungeon.
You worshipped Gozag.
Gozag was aware of your devotion.
You visited 1 branch of the dungeon, and saw 2 of its levels.

You collected 125 gold pieces.

Inventory:

Hand Weapons
 e - a +0 club (weapon)
Armour
 a - a +0 robe (worn)
Scrolls
 b - a scroll of enchant armour {unknown}
 d - a scroll of teleportation {unknown}
Potions
 c - a potion of heal wounds {unknown}
 f - a potion of curing {unknown}


   Skills:
 + Level 2.2 Dodging
 + Level 2.3 Stealth
 + Level 2.4 Spellcasting
 + Level 4.7 Necromancy


You had 5 spell levels left.
You knew the following spells:

 Your Spells              Type           Power      Damage    Failure   Level
a - Pain                  Necr           76%        1d7       2%          1

Your spell library contained the following spells:

 Spells                   Type           Power      Damage    Failure   Level
 Animate Skeleton         Necr           38%        N/A       2%          1
 Vampiric Draining        Necr           19%        2d7       8%          3
 Animate Dead             Necr           9%         N/A       24%         4
 Passwall                 Tmut/Erth      1%         N/A       26%         2
 Swiftness                Air            2%         N/A       45%         3
 Agony                    Necr           19%        N/A       56%         5


Dungeon Overview and Level Annotations

Branches:
Dungeon (2/15)

Altars:
Gozag


Innate Abilities, Weirdness & Mutations

You may rarely emit foul miasma when damaged in melee.
You sometimes gain a little power by taking damage.


Message History

Done exploring.
Unknown command.
There is a stone staircase leading down here.
Unknown command.
You climb downwards.
The goblin hits you with a +0 dagger. x2
There is a stone staircase leading up here.
Unknown command.
You closely miss the goblin. The goblin hits you with a +0 dagger.
The endoplasm freezes you.
You are frozen.
You barely miss the goblin. The goblin closely misses you.
The endoplasm barely misses you.
Unknown command.
The goblin barely resists.
The goblin barely misses you. The endoplasm misses you.
Unknown command.
The goblin barely resists.
The goblin hits you but does no damage. The endoplasm freezes you.
You are frozen.
Unknown command.
The goblin writhes in agony.
The goblin hits you with a +0 dagger.
The endoplasm hits you but does no damage.
Unknown command.
You are too injured to fight recklessly!
Unknown command.
You hit the goblin.
The goblin is almost dead.
The goblin hits you with a +0 dagger.
You emit a cloud of foul miasma!
The endoplasm freezes you.
You are frozen.
* * * LOW HITPOINT WARNING * * *
Unknown command.
You completely miss the goblin.
The goblin is almost dead.
The goblin is engulfed in dark miasma.
The goblin is poisoned.
The goblin seems to slow down.
You kill the goblin!
The endoplasm hits you.
You die...
Your body crumbles into a pile of gold.

###########
#.........#
#....$....#####
#..............
#.....ยง@J.#
###########


You could see an endoplasm.

Vanquished Creatures
  A gnoll (D:1)
  An adder (D:1)
  2 dart slugs (D:1)
  2 ball pythons (D:1)
  2 endoplasms (D:1)
  A giant cockroach (D:1)
  2 hobgoblins (D:1)
  2 quokkas (D:1)
  2 frilled lizards (D:1)
  3 goblins
  2 rats (D:1)
20 creatures vanquished.

Notes
Turn   | Place    | Note
-------+----------+-------------------------------------------
     0 | D:1      | Zonian the Demonspawn Necromancer began the quest for the
                  | Orb.
     0 | D:1      | Reached XP level 1. HP: 13/13 MP: 3/3
    66 | D:1      | Gained mutation: You may rarely emit foul miasma when
                  | damaged in melee. [demonic ancestry]
    66 | D:1      | Reached XP level 2. HP: 17/19 MP: 1/5
   267 | D:1      | Found a faded altar of an unknown god.
   284 | D:1      | Prayed at the altar of an unknown god.
   284 | D:1      | Became a worshipper of Gozag Ym Sagoz the Greedy
  1049 | D:1      | Gained mutation: You sometimes gain a little power by
                  | taking damage. [demonic ancestry]
  1049 | D:1      | Reached XP level 3. HP: 20/24 MP: 2/6
  1656 | D:2      | Slain by an endoplasm

Illustrated notes

Levels and vault maps discovered:
D:1:      dpeg_arrival_chambers_temple_mockup, layout_basic,
          ebering_ecumenical_altar_box, serial_bayou_pond_c, minmay_tetromino_t4
D:2:      minmay_chambers_of_ones, layout_rooms, basic_altar, grunt_ministairs_3

Skill      XL: |  1 |
---------------+----+-----
Dodging        | 2 |  2.2
Stealth        | 2 |  2.3
Spellcasting   | |  2.4
Necromancy     | |  4.7

Action                   || total
-------------------------++-------
Melee: Club              ||    12
 Cast: Pain              ||    37
Armor: Robe              ||     6
Dodge: Dodged            ||    20

Table legend: (Time is in decaauts)
 A = Elapsed time spent in this place.
 B = Non-inter-level travel time spent in this place.
 C = Inter-level travel time spent in this place.
 D = Time resting spent in this place.
 E = Time spent auto-exploring this place.
 F = Levels seen in this place.
 G = Mean time per level.
                   A        B        C        D        E       F      G
               +--------+--------+--------+--------+--------+-----+--------+
         Total |   1665 |   1585 |     80 |    756 |    675 |   2 |  832.5 |
       Dungeon |   1665 |   1585 |     80 |    756 |    675 |   2 |  832.5 |
               +--------+--------+--------+--------+--------+-----+--------+

Top non-repeatable levels by time:
     D:1: 1648 daAuts
     D:2: 16 daAuts
